 Dungeon Crawl Stone Soup version 0.30-a0-242-g7bf8e6d787 (webtiles) character file.

Game seed: 14113823553576907816

303 brknglss the Sneak (level 6, -2/36 HPs)
             Began as an Octopode Conjurer on Oct 11, 2022.
             Slain by a kobold
             ... wielding a +0 short sword
              (5 damage)
             ... on level 4 of the Dungeon.
             The game lasted 00:11:03 (2818 turns).

brknglss the Sneak (Octopode Conjurer)              Turns: 2818, Time: 00:11:04

Health: -2/36      AC:  1    Str:  8    XL:     6   Next: 38%
Magic:  2/10       EV: 14    Int: 21    God:
Gold:   117        SH:  0    Dex: 16    Spells: 5/11 levels left

rFire   + . .      SeeInvis .    l - staff of fire
rCold   . . .      Faith    .    (no shield)
rNeg    . . .      Spirit   .    (helmet restricted)
rPois   .          Reflect  .    m - amulet of regeneration
rElec   .          Harm     .    h - +6 ring of dexterity
rCorr   .          Rampage  .    (no ring)
Will    .....                    (no ring)
Stlth   ++++......               (no ring)
HPRegen 1.06/turn                (no ring)
MPRegen 0.12/turn                (no ring)
                                 (no ring)
                                 (no ring)

@: no status effects
A: almost no armour, amphibious, 8 rings, camouflage 1, gelatinous body 1,
(nimble swimmer 1), tentacles
a: no special abilities


You were on level 4 of the Dungeon.
You visited 1 branch of the dungeon, and saw 4 of its levels.

You collected 156 gold pieces.
You spent 39 gold pieces at shops.

Inventory:

Missiles
 c - 2 datura-tipped darts
Magical Staves
 l - a staff of fire (weapon)
Jewellery
 h - a +6 ring of dexterity (left tentacle)
 m - an amulet of regeneration (around mantle)
Wands
 r - a wand of quicksilver (8)
Scrolls
 d - a scroll of enchant weapon {unknown}
 f - a scroll of butterflies {unknown}
 i - 3 scrolls of enchant armour {unknown}
 j - 2 scrolls of blinking {unknown}
 o - a scroll of magic mapping {unknown}
 s - 3 scrolls of identify
 t - a scroll of teleportation {unknown}
Potions
 a - a potion of magic
 b - 4 potions of brilliance
 e - 3 potions of lignification {unknown}
 g - a potion of flight
 k - a potion of invisibility
 n - 2 potions of attraction
 p - 2 potions of curing
 q - a potion of resistance {unknown}


   Skills:
 + Level 0.1 Staves
 + Level 3.1 Dodging
 * Level 5.7 Stealth
 + Level 3.0 Spellcasting
 * Level 5.3 Conjurations


You had 5 spell levels left.
You knew the following spells:

 Your Spells              Type           Power      Damage    Failure   Level
a - Magic Dart            Conj           100%       1d8       1%          1
b - Searing Ray           Conj           50%        2d6       2%          2
c - Mephitic Cloud        Conj/Pois/Air  10%        N/A       19%         3

Your spell library contained the following spells:

 Spells                   Type           Power      Damage    Failure   Level
 Dazzling Flash           Conj/Hex       28%        N/A       13%         3
 Call Imp                 Summ           3%         N/A       21%         2
 Summon Guardian Golem    Hex/Summ       3%         N/A       36%         3
 Fulminant Prism          Conj/Hex       7%         3d7       41%         4
 Iskenderun's Mystic Bla  Conj/Tloc      14%        2d5       41%         4
 Orb of Destruction       Conj           12%        9d7       100%        7
 Spellforged Servitor     Conj/Summ      7%         N/A       100%        7


Dungeon Overview and Level Annotations

Branches:
Dungeon (4/15)
 Temple: D:4-7

Altars:

Shops:
D:2 *


Innate Abilities, Weirdness & Mutations

You cannot wear most types of armour.
You are amphibious.
You can wear up to eight rings at the same time.
Your skin changes colour to match your surroundings (Stealth+).
Your rubbery body absorbs attacks. (AC +1, EV +1)
((You are camouflaged when in or above water. (Stealth+)))
You have tentacles for arms and can constrict up to eight enemies at once.


Message History

You feel sick.
You feel better. The orc hits you with a +0 hand axe.
* * * LOW HITPOINT WARNING * * *
A kobold comes into view. It is wielding a +0 whip.
Casting: Searing Ray (safe; 2% risk of failure)
Confirm with . or Enter, or press ? or * to list all spells.
Aiming: Magic Dart (safe; 1% risk of failure)
Press: ? - help, Shift-Dir - straight line
Okay, then.
The orc closely misses you.
Casting: Magic Dart (safe; 1% risk of failure)
Confirm with . or Enter, or press ? or * to list all spells.
Aiming: Searing Ray (safe; 2% risk of failure)
Press: ? - help, Shift-Dir - straight line The searing ray hits the orc priest.
The orc priest is moderately wounded. (Press . to maintain the ray.)
The orc hits you with a +0 hand axe.
* * * LOW HITPOINT WARNING * * *
The searing ray misses the orc priest.
The goblin hits you with a +0 club.
* * * LOW HITPOINT WARNING * * *
The kobold hits you with a +0 short sword.
* * * LOW HITPOINT WARNING * * *
The orc priest calls upon Beogh to heal the orc.
The orc's wounds heal themselves!
The orc closely misses you.
The searing ray hits the orc priest!
The orc priest is almost dead.
The searing ray hits the kobold.
You kill the kobold!
You hear the slow rusting of a very distant drain.
The goblin hits you with a +0 club.
* * * LOW HITPOINT WARNING * * *
The orc priest closely misses you. The orc misses you.
The kobold closely misses you.
The searing ray hits the orc priest.
You kill the orc priest!
You finish channelling your searing ray.
The goblin closely misses you. The orc hits you but does no damage.
The kobold hits you with a +0 short sword.
You die...

.... ###.... .
....... ..
....... ... #
....... ....#.
.......
.$....##g......
......o@K......
.......#)#......
..#...##.##..>..
......#[........
#..!...)....)..
##...........#..
.............# #
.......<.....#
...........###


You could see an orc, a goblin and a kobold.

Vanquished Creatures
  Sigmund (D:3)
  An orc priest (D:4)
  Robin (D:2)
  5 adders
  2 worms
  3 orcs
  7 endoplasms
  2 giant cockroaches (D:2)
  6 hobgoblins
  10 kobolds
  2 quokkas
  3 ball pythons
  4 bats
  4 frilled lizards
  21 goblins
  5 rats
77 creatures vanquished.

Notes
Turn   | Place    | Note
-------+----------+-------------------------------------------
     0 | D:1      | brknglss the Octopode Conjurer began the quest for the Orb.
     0 | D:1      | Reached XP level 1. HP: 11/11 MP: 3/3
   123 | D:1      | Reached XP level 2. HP: 17/17 MP: 5/5
   471 | D:1      | Reached XP level 3. HP: 21/21 MP: 3/6
   810 | D:2      | Learned a level 2 spell: Searing Ray
  1338 | D:2      | Found Yghadola's General Store.
  1341 | D:2      | Bought a potion of curing for 39 gold pieces
  1354 | D:2      | Reached XP level 4. HP: 27/27 MP: 1/7
  1389 | D:2      | Noticed Robin
  1409 | D:2      | Killed Robin
  1882 | D:3      | Identified the +0 robe of Ahadwubb {rC+ rN+ Dex+4}
  1994 | D:3      | Learned a level 3 spell: Mephitic Cloud
  2142 | D:3      | Noticed Sigmund
  2147 | D:3      | Killed Sigmund
  2148 | D:3      | Reached skill level 5 in Stealth
  2148 | D:3      | Reached skill level 5 in Conjurations
  2148 | D:3      | Reached XP level 5. HP: 31/31 MP: 4/9
  2148 | D:3      | Reached XP level 6. HP: 36/36 MP: 4/10
  2818 | D:4      | Slain by a kobold

Illustrated notes

Levels and vault maps discovered:
D:1:      mrwooster_arrival_statue, layout_rooms
D:2:      layout_basic, serial_shops, shop_statue, minivault_19,
          minmay_split_cup_large, uniq_robin
D:3:      layout_loops_corners, uniq_sigmund
D:4:      layout_cave_pools, portal_sewer_entry_d, uniq_blork_the_orc,
          uniq_duvessa, uniq_pikel, uniq_ijyb

Skill      XL: |  1  2  3  4 |
---------------+-------------+-----
Stealth        | 3 4 5 |  5.7
Dodging        | 3 |  3.1
Spellcasting   | 3 |  3.0
Conjurations   | 5 |  5.3
Staves         | |  0.1

Action                   |  1- 3 |  4- 6 || total
-------------------------+-------+-------++-------
Melee: Short sword       |    18 |       ||    18
       Tentacles         |    10 |    12 ||    22
       Constrict         |     7 |    12 ||    19
       Staff             |    12 |    40 ||    52
       Punch             |     1 |     1 ||     2
 Cast: Magic Dart        |    51 |    31 ||    82
       Searing Ray       |       |     4 ||     4
       Mephitic Cloud    |       |     1 ||     1
  Use: Scroll            |     4 |       ||     4
       Potion            |       |     1 ||     1
 Stab: Sleeping          |     5 |     2 ||     7
Armor: Skin              |     2 |     4 ||     6
Dodge: Dodged            |    27 |    48 ||    75

Table legend: (Time is in decaauts)
 A = Elapsed time spent in this place.
 B = Non-inter-level travel time spent in this place.
 C = Inter-level travel time spent in this place.
 D = Time resting spent in this place.
 E = Time spent auto-exploring this place.
 F = Levels seen in this place.
 G = Mean time per level.
                   A        B        C        D        E       F      G
               +--------+--------+--------+--------+--------+-----+--------+
         Total |   2827 |   2756 |     71 |    606 |   1530 |   4 |  706.8 |
       Dungeon |   2827 |   2756 |     71 |    606 |   1530 |   4 |  706.8 |
               +--------+--------+--------+--------+--------+-----+--------+

Top non-repeatable levels by time:
     D:2: 1129 daAuts
     D:3: 1028 daAuts
     D:1: 648 daAuts
     D:4: 21 daAuts
